 Dungeon Crawl Stone Soup version 0.27.1-3-gb3d3a73c9e (webtiles) character file.

Game seed: 4154802400553428003

11045 AZSletch the Spear-Bearer (level 11, 0/83 HPs)
             Began as a Demonspawn Gladiator on Oct 8, 2021.
             Was a Believer of Kikubaaqudgha.
             Slain by a komodo dragon (30 damage)
             ... on level 8 of the Dungeon.
             The game lasted 01:00:00 (9449 turns).

AZSletch the Spear-Bearer (Demonspawn Gladiator)    Turns: 9449, Time: 01:00:01

Health: 0/83       AC:  8    Str: 16    XL:     11   Next: 44%
Magic:  11/11      EV: 15    Int: 12    God:    Kikubaaqudgha [**....]
Gold:   777        SH:  0    Dex: 14    Spells: 4/10 levels left

rFire    + . .     SeeInvis .   B - +0 spear
rCold    . . .     Faith    .   (no shield)
rNeg     + . .     Spirit   .   A - +0 steam dragon scales
rPois    .         Reflect  .   (helmet restricted)
rElec    .         Harm     .   (no cloak)
rCorr    .         Rampage  .   (no gloves)
Will     .....                  (no boots)
Stlth    +.........             m - amulet of regeneration
HPRegen  1.23/turn              q - ring of protection from fire
MPRegen  0.24/turn              t - ring of positive energy

@: no status effects
A: horns 2, slimy green scales 2, spiny 1, magic regeneration
a: Renounce Religion, Receive Corpses


You were on level 8 of the Dungeon.
You worshipped Kikubaaqudgha.
Kikubaaqudgha was pleased with you.
You visited 3 branches of the dungeon, and saw 12 of its levels.

You collected 910 gold pieces.
You spent 133 gold pieces at shops.

Inventory:

Hand Weapons
 a - a +0 trident
 h - a +0 glaive
 j - a +0 hunting sling
 w - a +1 dagger of venom
 B - a +0 spear (weapon)
 F - a +2 halberd
 I - a +4 vampiric hand axe
 M - the +3 rapier "Diuteum" {flame, rElec Dex+4}
   (You found it on level 9 of the Dungeon)

   It burns those it strikes, dealing additional fire damage.
   Dex:       It affects your dexterity (+4).
   rElec:     It insulates you from electricity.
 O - the +8 long sword "Her Wint" {vorpal, rPois Str+4}
   (You found it on level 9 of the Dungeon)

   It inflicts extra damage upon your enemies.
   Str:       It affects your strength (+4).
   rPois:     It protects you from poison.
Missiles
 d - 3 throwing nets
 g - 14 poisoned darts (quivered)
 k - 338 stones
 r - 9 boomerangs
 s - 66 sling bullets
 P - a curare-tipped dart
Armour
 x - a +0 tower shield
 A - +0 steam dragon scales (worn)
Jewellery
 l - an amulet of magic regeneration
 m - an amulet of regeneration (around neck)
 q - a ring of protection from fire (left hand)
 t - a ring of positive energy (right hand)
 H - an amulet of the acrobat
Wands
 C - a wand of paralysis (4)
 G - a wand of iceblast (7)
 J - a wand of acid (12)
 S - a wand of mindburst (19)
Scrolls
 b - 2 scrolls of fear
 e - 2 scrolls of fog
 f - 6 scrolls of teleportation
 n - 2 scrolls of noise {unknown}
 o - a scroll of enchant armour {unknown}
 u - 2 scrolls of vulnerability {unknown}
 y - a scroll of enchant weapon {unknown}
 D - 2 scrolls of brand weapon {unknown}
 E - a scroll of magic mapping {unknown}
 K - a scroll of immolation {unknown}
 Q - a scroll of blinking {unknown}
Potions
 i - 4 potions of curing
 p - a potion of brilliance
 v - a potion of magic
 z - a potion of heal wounds
 L - 2 potions of might
 N - a potion of haste
 R - a potion of lignification
Miscellaneous
 c - a piece from Xom's chessboard (15/15)


   Skills:
 + Level 6.9 Fighting
 - Level 12.0 Polearms
 + Level 6.2 Throwing
 + Level 6.6 Dodging
 + Level 5.5 Necromancy
 + Level 2.9 Evocations


You had 4 spell levels left.
You knew the following spells:

 Your Spells              Type           Power      Damage    Failure   Level
a - Pain                  Necr           52%        1d6       3%          1
b - Vampiric Draining     Necr           6%         2d6       11%         3
c - Corpse Rot            Necr/Air       N/A        N/A       16%         2

Your spell library contained the following spells:

 Spells                   Type           Power      Damage    Failure   Level
 Sublimation of Blood     Necr           6%         N/A       5%          2
 Foxfire                  Conj/Fire      0%         2x1d4     32%         1
 Freeze                   Ice            0%         1d3       32%         1
 Magic Dart               Conj           0%         1d3       32%         1
 Sting                    Tmut/Pois      0%         1d3       32%         1
 Poisonous Vapours        Pois/Air       0%         N/A       45%         2
 Searing Ray              Conj           0%         3d3       45%         2
 Conjure Flame            Conj/Fire      0%         6-21      69%         3
 Frozen Ramparts          Ice            0%         1d2       69%         3
 Gell's Gravitas          Tloc           0%         N/A       69%         3
 Ignite Poison            Fire/Tmut/Pois 0%         N/A       69%         3
 Inner Flame              Hex/Fire       0%         N/A       69%         3
 Lesser Beckoning         Tloc           0%         N/A       69%         3
 Mephitic Cloud           Conj/Pois/Air  0%         N/A       69%         3
 Teleport Other           Tloc           0%         N/A       69%         3
 Fulminant Prism          Conj/Hex       0%         3d6       97%         4
 Hailstorm                Conj/Ice       0%         3d3       97%         4
 Olgreb's Toxic Radiance  Pois           0%         N/A       97%         4
 Bolt of Magma            Conj/Fire/Erth 0%         4d4       100%        5


Dungeon Overview and Level Annotations

Branches:
Dungeon (10/15)            Temple (1/1) D:7            Lair (1/6) D:8
    Orc: D:9-12

Altars:
Ashenzari
Cheibriados
Dithmenos
Elyvilon
Fedhas
Gozag
Hepliaklqana
Kikubaaqudgha
Makhleb
Nemelex Xobeh
Okawaru
Qazlal
Ru
Sif Muna
Trog
Uskayaw
Vehumet
Wu Jian
Xom
Yredelemnul
Zin
The Shining One

Shops:
D:4 =   D:6 **   D:8 *

Annotations:
D:5 2 transporters, kalagan's ghost, novice DECj
D:10 Fannar
Lair:1 exclusion: oklob plant


Innate Abilities, Weirdness & Mutations

You have a pair of horns on your head.
You are mostly covered in slimy green scales. (AC +3)
You are partially covered in sharp spines.
You regenerate magic rapidly.


Message History

Aim: a komodo dragon (lightly wounded, very poisoned, 72% to hit)
You throw a poisoned dart.
The poisoned dart hits the komodo dragon.
The komodo dragon is lightly wounded.
The komodo dragon is struck by your spines.
The komodo dragon bites you.
Press: ? - help, v - describe, . - travel, g - get item
Here: a komodo dragon (moderately wounded, very poisoned) Item here: a poisoned dart.
The floor, spattered with blood.
A komodo dragon is nearby!
Throw: 17 darts (poison)
Press: ? - help, Q - select action, (/) - cycle Shift-Dir - straight line, f/p - komodo dragon
Aim: a komodo dragon (moderately wounded, very poisoned, 72% to hit)
You throw a poisoned dart.
The poisoned dart barely misses the komodo dragon.
The poisoned dart hits the fungus.
The fungus is poisoned.
Throw: 16 darts (poison)
Press: ? - help, Q - select action, (/) - cycle Shift-Dir - straight line, f/p - komodo dragon
Aim: a komodo dragon (moderately wounded, very poisoned, 72% to hit)
You throw a poisoned dart.
The poisoned dart barely misses the komodo dragon.
The poisoned dart hits the fungus!
The fungus begins to die.
The komodo dragon bites you!
Throw: 15 darts (poison)
Press: ? - help, Q - select action, (/) - cycle Shift-Dir - straight line, f/p - komodo dragon
Aim: a komodo dragon (moderately wounded, very poisoned, 72% to hit)
You throw a poisoned dart.
The poisoned dart hits the komodo dragon.
The komodo dragon looks as sick as possible!
The komodo dragon is moderately wounded.
The komodo dragon bites you!!
* * * LOW HITPOINT WARNING * * *
A nearby fungus withers and dies.
There is a stone staircase leading up, spattered with blood here.
The komodo dragon is struck by your spines.
The komodo dragon completely misses you.
The komodo dragon bites you!!
You die...
Kikubaaqudgha rasps: "You have failed me!
Welcome... death!"

..#
#......##.........##.##.#.##.
###
##...#.####...##...#.##.#.###
##.##.####........#.##......
#.##.......###...#.####....
#.########.# #####.# #####
#.# ####.#### #.# #.#
#....<..# #.#### #.#
#.......# #....#### #.#
#...@...# #.......# #.#
#....l..# #.##.##.# #.#
#.......# #....##.# #.##
#.......# #.>####.# #..#
#.......# #..####.# ##.#
############.......# #.#
#.........###.###### #.#
#.##.#.##.# #.# #.#
##.#.....#.###.#


You could see a komodo dragon (poisoned).

Vanquished Creatures
  Harold (D:7)
  A centaur warrior (D:8)
  A two-headed ogre (D:10)
  A cyclops (D:9)
  Joseph (D:9)
  A komodo dragon (D:8)
  A troll (D:10)
  A hornet (D:9)
  Prince Ribbit (D:7)
  2 shadows
  5 wyverns
  12 yaks
  4 steam dragons
  8 water moccasins
  An orc warrior (D:9)
  An ice beast (D:8)
  2 black bears
  5 ogres
  3 centaurs
  A kobold brigand (D:9)
  3 bullfrogs
  A scorpion (D:4)
  A wyvern skeleton (D:9)
  A water moccasin zombie (D:5)
  A water moccasin skeleton (D:6)
  11 killer bees
  3 howler monkeys (D:7)
  11 wights
  4 centaur zombies
  5 hounds
  A bullfrog zombie (D:5)
  2 jellies
  A gnoll shaman (D:6)
  2 orc priests
  A bullfrog skeleton (D:6)
  A centaur skeleton (D:9)
  Terence (D:2)
  3 orc wizards
  2 killer bee zombies (D:6)
  A centaur simulacrum (D:9)
  4 howler monkey zombies
  2 howler monkey skeletons
  7 gnolls
  8 adders
  A shadow imp (D:8)
  An ufetubus (D:3)
  4 worms
  31 orcs
  10 ball pythons
  5 bats
  9 endoplasms
  2 giant cockroaches (D:2)
  2 goblins
  12 hobgoblins
  4 quokkas
  A frilled lizard (D:3)
  17 kobolds
  4 rats
233 creatures vanquished.

Vanquished Creatures (others)
  An orc (D:10)
  17 fungi
  12 plants
30 creatures vanquished.

Grand Total: 263 creatures vanquished

Notes
Turn   | Place    | Note
-------+----------+-------------------------------------------
     0 | D:1      | AZSletch the Demonspawn Gladiator began the quest for the
                  | Orb.
     0 | D:1      | Reached XP level 1. HP: 16/16 MP: 1/1
   183 | D:1      | Gained mutation: You are partially covered in slimy green
                  | scales. (AC +2) [demonic ancestry]
   183 | D:1      | Reached XP level 2. HP: 22/22 MP: 2/2
   698 | D:2      | Reached skill level 3 in Polearms
   718 | D:2      | Gained mutation: You are mostly covered in slimy green
                  | scales. (AC +3) [demonic ancestry]
   718 | D:2      | Reached XP level 3. HP: 21/28 MP: 3/3
   867 | D:2      | Gained mutation: You are partially covered in sharp spines.
                  | [demonic ancestry]
   867 | D:2      | Reached XP level 4. HP: 17/34 MP: 4/4
  1272 | D:2      | Noticed Terence
  1285 | D:2      | Killed Terence
  1439 | D:2      | Noticed a black bear
  1456 | D:2      | Killed a black bear
  1457 | D:2      | Reached XP level 5. HP: 22/41 MP: 5/5
  1720 | D:2      | Found a snail-covered altar of Cheibriados.
  1983 | D:3      | Reached XP level 6. HP: 33/47 MP: 6/6
  2445 | D:3      | Reached skill level 4 in Polearms
  2469 | D:3      | Found an ornate altar of the Wu Jian Council.
  2520 | D:4      | Noticed a water moccasin
  2539 | D:4      | Found Nepaip's Jewellery Shoppe.
  2860 | D:4      | Found a hide-covered altar of Uskayaw.
  2860 | D:4      | Found a sparkling altar of Nemelex Xobeh.
  2875 | D:4      | Found a hazy altar of Hepliaklqana.
  3176 | D:4      | Killed a water moccasin
  3177 | D:4      | Gained mutation: You have a pair of small horns on your
                  | head. [demonic ancestry]
  3177 | D:4      | Reached XP level 7. HP: 47/54 MP: 7/7
  3198 | D:4      | Found an iron altar of Okawaru.
  3529 | D:5      | Entered Level 5 of the Dungeon
  3712 | D:5      | Found a transporter.
  3713 | D:5      | Noticed kalagan's ghost (novice DECj)
  3714 | D:5      | Identified the +4 dire flail of Hamafopt {venom, Stlth+}
  3719 | D:5      | Found a transporter.
  3924 | D:5      | Reached skill level 5 in Polearms
  3924 | D:5      | Reached skill level 5 in Dodging
  3924 | D:5      | Reached XP level 8. HP: 61/61 MP: 8/8
  3951 | D:5      | Reached skill level 5 in Fighting
  4163 | D:5      | Found a blossoming altar of Fedhas.
  4180 | D:5      | Reached skill level 5 in Throwing
  4379 | D:6      | Found Qouhorph's Specific Store.
  4381 | D:6      | Found Xizivae's General Store.
  4387 | D:6      | Bought a scroll of teleportation for 42 gold pieces
  4387 | D:6      | Bought a scroll of fear for 49 gold pieces
  4387 | D:6      | Bought a scroll of teleportation for 42 gold pieces
  5063 | D:7      | Reached skill level 6 in Polearms
  5063 | D:7      | Gained mutation: You have a pair of horns on your head.
                  | [demonic ancestry]
  5063 | D:7      | Reached XP level 9. HP: 69/69 MP: 9/9
  5110 | D:7      | Reached skill level 1 in Evocations
  5250 | D:7      | Noticed Harold
  5473 | D:7      | Killed Harold
  5474 | D:7      | Reached skill level 8 in Polearms
  5592 | D:7      | Found a staircase to the Ecumenical Temple.
  5606 | Temple   | Entered the Ecumenical Temple
  5684 | Temple   | Became a worshipper of Kikubaaqudgha
  6048 | D:8      | Noticed Prince Ribbit
  6060 | D:8      | Reached skill level 9 in Polearms
  6076 | D:7      | Killed Prince Ribbit
  6077 | D:7      | Reached XP level 10. HP: 29/77 MP: 10/10
  6243 | D:8      | Reached skill level 10 in Polearms
  6261 | D:8      | Found a staircase to the Lair.
  6479 | D:8      | Reached * piety under Kikubaaqudgha
  6479 | D:8      | Received a gift from Kikubaaqudgha
  6690 | D:8      | Noticed a centaur warrior
  6710 | D:8      | Killed a centaur warrior
  6711 | D:8      | Reached skill level 11 in Polearms
  6836 | D:8      | Found Xoixaylu's General Store.
  7253 | D:9      | Identified the +3 rapier "Diuteum" {flame, rElec Dex+4}
  7286 | D:9      | You fall into a shaft and drop 1 floor!
  7286 | D:10     | Entered Level 10 of the Dungeon
  7496 | D:9      | Noticed Joseph
  7581 | D:9      | Killed Joseph
  7641 | D:9      | Noticed a cyclops
  7705 | D:9      | Killed a cyclops
  7860 | D:9      | Identified the +8 long sword "Her Wint" {vorpal, rPois
                  | Str+4}
  7917 | D:9      | Gained mutation: You regenerate magic rapidly. [demonic
                  | ancestry]
  7917 | D:9      | Reached XP level 11. HP: 54/82 MP: 11/11
  7940 | D:9      | Learned a level 1 spell: Pain
  8063 | D:9      | Reached ** piety under Kikubaaqudgha
  8066 | D:9      | Paralysed by a hornet for 2 turns
  8195 | D:9      | Learned a level 3 spell: Vampiric Draining
  8465 | D:10     | Reached skill level 12 in Polearms
  8570 | D:10     | Noticed a two-headed ogre
  8737 | D:10     | Noticed Fannar
  8807 | D:10     | Reached skill level 5 in Necromancy
  8906 | D:10     | Learned a level 2 spell: Corpse Rot
  9121 | D:10     | Killed a two-headed ogre
  9246 | Lair:1   | Entered Level 1 of the Lair of Beasts
  9278 | Lair:1   | Noticed an oklob plant
  9426 | D:8      | HP: 2/83 [komodo dragon (26)]
  9449 | D:8      | Slain by a komodo dragon

Illustrated notes

Levels and vault maps discovered:
D:1:      saegor_arrival_simple_d, layout_basic
D:2:      layout_basic, basic_altar, minmay_misc_feat_secret_circle,
          minivault_24, dk_noncrumbling_3, uniq_terence
D:3:      corexii_shack_village, layout_rooms,
          nicolae_wu_jian_immortal_techniques
D:4:      layout_layer_cave, minmay_overflow_temple_star_hex,
          nicolae_overflow_crystal_walls, minmay_shop_enchanted_jewellery,
          grunt_ministairs_9, corexii_shack
D:5:      kennysheep_steamy, layout_loops_ring, mainiacjoe_overflow_catwalk,
          gammafunk_ghost_smash, hellmonk_bongcloud_opening
D:6:      layout_loops_ring, nicolae_specific_store
D:7:      layout_cave_pools, minmay_temple_entry_glass, uniq_harold
D:8:      layout_loops_cross, minmay_lair_entry_grove, serial_shops,
          nicolae_square_shop, serial_bayou_pond_c, grunt_ministairs_2,
          uniq_prince_ribbit1
D:9:      layout_basic, hangedman_weighted_door, hangedman_decor_riveting,
          uniq_joseph
D:10:     layout_roguey, lemuel_old_faithful, uniq_fannar
Temple:   jpeg_temple_clearing
Lair:1:   layout_roguey, gammafunk_ghost_necromancy,
          chequers_serial_rivers_room_b, chequers_serial_rivers_large_a,
          minmay_lair_oklob_bushes, serial_bayou_pond_c, beast_lair_carwin_3

Skill      XL: |  1  2  3  4  5  6  7  8  9 10 11 |
---------------+----------------------------------+-----
Throwing       | 2 3 4 5 6 |  6.2
Polearms       | 3 4 5 6 9 11 12 | 12.0
Dodging        | 3 4 5 6 |  6.6
Fighting       | 3 4 6 |  6.9
Evocations     | 1 2 |  2.9
Necromancy     | 4 5 |  5.5

Action                   |  1- 3 |  4- 6 |  7- 9 | 10-12 || total
-------------------------+-------+-------+-------+-------++-------
Melee: Trident           |    88 |   115 |    78 |       ||   281
       Headbutt          |       |       |    47 |    92 ||   139
       Spear             |       |       |   149 |   437 ||   586
Throw: Dart              |    16 |    35 |    52 |   124 ||   227
       Boomerang         |       |    74 |    72 |    25 ||   171
       Throwing net      |       |       |       |     1 ||     1
  Use: Scroll            |       |       |     4 |     4 ||     8
       Potion            |       |       |       |     1 ||     1
 Stab: Sleeping          |       |       |       |     1 ||     1
       Held in net/web   |       |       |       |     1 ||     1
Armor: Leather armour    |    26 |    32 |     6 |       ||    64
       Steam dragon scal |       |       |    33 |    78 ||   111
Dodge: Dodged            |    53 |    60 |   121 |   199 ||   433
